 Dungeon Crawl Stone Soup version 0.19-a0-866-ga8d832c (webtiles) character file.

18 PurpleSnorlax the Grave Robber (level 2, 0/19 HPs)
             Began as a Demonspawn Necromancer on July 2, 2016.
             Slain by a quokka (4 damage)
             ... on level 2 of the Dungeon.
             The game lasted 00:06:33 (894 turns).

PurpleSnorlax the Grave Robber (DsNe)                Turns: 894, Time: 00:06:34

Health: 0/19       AC:  8    Str:  8    XL:     2   Next: 48%
Magic:  3/5        EV:  3    Int: 16    God:
Gold:   45         SH:  0    Dex: 13    Spells: 1 memorised, 4 levels left

rFire  . . .     SeeInvis .     h - +0 spear
rCold  . . .     Gourm    .     e - +0 chain mail (curse)
rNeg   . . .     Faith    .     (no shield)
rPois  .         Spirit   .     (no helmet)
rElec  .         Dismiss  +     (no cloak)
rCorr  .         Reflect  .     (no gloves)
SustAt .         Harm     .     (no boots)
MR     .....                    o - amulet of dismissal
Stlth  ..........               (no ring)
                                (no ring)

@: very slightly contaminated, not resistant to hostile enchantments, extremely
unstealthy
A: nightstalker 1
a: no special abilities


You were on level 2 of the Dungeon.
You were not hungry.

You visited 1 branch of the dungeon, and saw 2 of its levels.

You collected 45 gold pieces.

Inventory:

Hand Weapons
 h - a +0 spear (weapon)
Missiles
 j - 13 sling bullets
 k - 23 bolts
 r - 7 javelins (quivered)
Armour
 a - a +0 robe
 e - a cursed +0 chain mail (worn)
 n - a +0 scale mail
Jewellery
 o - an amulet of dismissal (around neck)
Scrolls
 d - 2 scrolls of amnesia {unknown}
 f - a scroll of identify {unknown}
 i - 2 scrolls of teleportation {unknown}
 m - a scroll of random uselessness {unknown}
 p - a scroll of noise {unknown}
 q - a scroll of remove curse {unknown}
Potions
 g - a potion of ambrosia {unknown}
 l - 2 potions of curing {unknown}
Books
 b - a book of Necromancy

   Spells                             Type                      Level
   a - Pain                           Necromancy                   1
   b - Animate Skeleton               Necromancy                   1
   c - Vampiric Draining              Necromancy                   3
   d - Regeneration                   Charms/Necromancy            3
   e - Animate Dead                   Necromancy                   4
   f - Control Undead                 Necromancy                   4
Comestibles
 c - a bread ration


   Skills:
 + Level 0.2 Fighting
 + Level 0.5 Polearms
 + Level 0.1 Armour
 + Level 1.9 Dodging
 + Level 1.9 Stealth
 + Level 2.0 Spellcasting
 + Level 4.7 Necromancy


You had 4 spell levels left.
You knew the following spells:

 Your Spells              Type           Power        Failure   Level  Hunger
a - Pain                  Necr           ###.         100%        1    #......


Dungeon Overview and Level Annotations

Branches:
Dungeon (2/15)

Altars:


Innate Abilities, Weirdness & Mutations

You are slightly more attuned to the shadows.


Message History

You are very lightly contaminated with residual magic.
You feel very uncomfortable.
Casting: Pain
Confirm with . or Enter, or press ? or * to list all spells.
Aiming: Pain
Press: ? - help, Shift-Dir - straight line, f/p - quokka
Aim: a quokka (severely wounded, chance to defeat MR: 93%)
You miscast Pain.
The world around you seems to dim momentarily.
Your chain mail prevents you from hitting the quokka.
The quokka is heavily wounded.
The quokka barely misses you.
Your chain mail prevents you from hitting the quokka.
The quokka is heavily wounded.
The quokka barely misses you.
You hit the quokka but do no damage.
The quokka is heavily wounded.
The quokka bites you but does no damage.
The quokka bites you.
You die...

.....#.. #.......
..# #.?.# ..# #<..#
## ..# #...# .. ..#
#...# .# .... #...#
.#
..######...######.#
...............r@.#
..........).......#
..............##
.####...#######
#...# #...# #...#
#..$#


You could see a quokka.

Vanquished Creatures
  A dart slug (D:1)
  2 giant cockroaches (D:1)
  3 goblins
  2 hobgoblins (D:1)
  2 bats (D:1)
  3 giant newts (D:1)
  A kobold (D:1)
  2 rats (D:1)
16 creatures vanquished.

Notes
Turn   | Place    | Note
-------+----------+-------------------------------------------
     0 | D:1      | PurpleSnorlax the Demonspawn Necromancer began the quest for the Orb.
     0 | D:1      | Reached XP level 1. HP: 13/13 MP: 3/3
   205 | D:1      | Gained mutation: You are slightly more attuned to the shadows. [demonic ancestry]
   205 | D:1      | Reached XP level 2. HP: 3/19 MP: 5/5
   894 | D:2      | Slain by a quokka

Vault maps used:
D:1:      eino_arrival_druids_welcome
D:2:      first_bread, grunt_pakellas_salt

Action                   || total
-------------------------++-------
Melee: Spear             ||    88
       Unarmed           ||    10
Armor: Chain mail        ||    92
Dodge: Dodged            ||    23
